 Dungeon Crawl Stone Soup version 0.23.0-3-gf3c87f2df8 (webtiles) character file.

Game seed: 9793328008776451564

165 blaro the Skirmisher (level 5, 1/70 HPs)
             Began as a Minotaur Fighter on Feb 20, 2019.
             Was an Initiate of Ashenzari.
             Quit the game on level 3 of the Dungeon.
             The game lasted 00:21:59 (2017 turns).

blaro the Skirmisher (Minotaur Fighter)             Turns: 2017, Time: 00:22:00

Health: 1/70       AC: 22    Str: 25 (28) XL:     5   Next: 21%
Magic:  3/3        EV:  2    Int:  8 (10) God:    Ashenzari [......]
Gold:   151        SH: 13    Dex: 14 (15) Spells: 4/4 levels left

rFire    . . .     SeeInvis .   a - +1 war axe
rCold    . . .     Gourm    .   c - +0 shield
rNeg     + + +     Faith    .   (armour currently unavailable)
rPois    +         Spirit   .   (helmet currently unavailable)
rElec    .         Reflect  +   (cloak currently unavailable)
rCorr    .         Harm     .   (gloves currently unavailable)
MR       .....     NoTele   +   (boots currently unavailable)
Stlth    ++........             o - +3 amulet of reflection
HPRegen  0.21/turn              (no ring)
MPRegen  0.08/turn              (no ring)

@: mighty, brilliant, agile, lethally poisoned (1 -> 0), tree-form
A: (retaliatory headbutt), low mp 1, strong 1
a: Curse Item, Renounce Religion


You were on level 3 of the Dungeon.
You worshipped Ashenzari.
Ashenzari was noncommittal.
You were completely stuffed.
You were a tree.
You visited 1 branch of the dungeon, and saw 3 of its levels.

You collected 151 gold pieces.

Inventory:

Hand Weapons
 a - a +1 war axe (weapon)
Armour
 b - a +0 scale mail (melded)
 c - a +0 shield (worn)
Jewellery
 o - a +3 amulet of reflection (around neck)
Wands
 t - a wand of paralysis (5)
Scrolls
 e - 3 scrolls of identify
 h - a scroll of magic mapping
 l - a scroll of teleportation
 q - a scroll of blinking
 s - 3 scrolls of amnesia
Comestibles
 f - 5 rations


   Skills:
 + Level 4.6 Fighting
 + Level 4.4 Axes
 + Level 4.4 Armour
 + Level 0.6 Dodging
 + Level 0.1 Stealth
 + Level 4.5 Shields


You had 4 spell levels left.
You didn't know any spells.
Your spell library was empty.

Dungeon Overview and Level Annotations

Branches:
Dungeon (3/15)

Altars:
Ashenzari
Sif Muna


Innate Abilities, Weirdness & Mutations

((You reflexively headbutt those who attack you in melee.))
((You have a pair of horns on your head.))
Your magical capacity is low. (-10% MP)
Your muscles are strong. (Str +2)


Message History

You don't have any such object.
Quiver which item? (- for none, * to show all) (? for menu, Esc to quit)
You don't have any such object.
Quiver which item? (- for none, * to show all) (? for menu, Esc to quit)
You don't have any such object.
Quiver which item? (- for none, * to show all) (? for menu, Esc to quit)
You don't have any such object.
Quiver which item? (- for none, * to show all) (? for menu, Esc to quit)
Huh?
Quiver which item? (- for none, * to show all) (? for menu, Esc to quit)
Huh?
Quiver which item? (- for none, * to show all) (? for menu, Esc to quit)
Huh?
Quiver which item? (- for none, * to show all) (? for menu, Esc to quit)
Okay, then.
Saving game... please wait.
Welcome back, blaro the Minotaur Fighter.
Ashenzari says: Partake of my vision.
Partake of my curse.
Press ? for a list of commands and other information.
Are you sure you want to abandon this character and quit the game? (Confirm with "yes".)

..... #.....# ... ...
#.....# ... .##
#.....##.. #......<#
#.......#######
...............
######.(.....####.#.#
#...♣[.(.(.(.'.#.....
#'####)......#.#..##.
...........#.#..##.
.........####.#..# .
..........####'#..# #
..........##......# #
..........##......# #
..........##......# #
###'#..##


There were no monsters in sight!

Vanquished Creatures
  An orc priest (D:3)
  Terence (D:2)
  3 adders (D:2)
  An ooze (D:3)
  A worm (D:3)
  A leopard gecko (D:2)
  8 orcs (D:3)
  6 giant cockroaches
  5 goblins
  4 hobgoblins
  9 jackals
  5 kobolds
  2 quokkas
  8 bats
  2 frilled lizards (D:1)
  7 rats
64 creatures vanquished.

Notes
Turn   | Place    | Note
-------+----------+-------------------------------------------
     0 | D:1      | blaro the Minotaur Fighter began the quest for the Orb.
     0 | D:1      | Reached XP level 1. HP: 19/19 MP: 0/0
   287 | D:1      | Reached XP level 2. HP: 27/27 MP: 1/1
   826 | D:2      | Noticed Terence
   840 | D:2      | Killed Terence
   840 | D:2      | Reached XP level 3. HP: 23/33 MP: 2/2
   941 | D:2      | Reached XP level 4. HP: 35/41 MP: 3/3
  1042 | D:2      | Found a shattered altar of Ashenzari.
  1047 | D:2      | Became a worshipper of Ashenzari the Shackled
  1395 | D:2      | Found a deep blue altar of Sif Muna.
  1535 | D:2      | Found a faded altar of an unknown god.
  1995 | D:3      | Reached XP level 5. HP: 3/47 MP: 4/4
  1995 | D:3      | HP: 2/47 [poisoned by a kobold]
  2000 | D:3      | Gained mutation: Your magical capacity is low. (-10% MP)
                  | [potion of mutation]
  2000 | D:3      | Gained mutation: Your muscles are strong. (Str +2) [potion
                  | of mutation]
  2001 | D:3      | HP: 2/70 [poisoned by a kobold]
  2007 | D:3      | HP: 1/70 [poisoned by a kobold]
  2016 | D:3      | HP: 1/70 [poisoned by a kobold]
  2017 | D:3      | Upgraded the game from 0.23.0-2-g0fe3ce5905 to
                  | 0.23.0-3-gf3c87f2df8
  2017 | D:3      | Quit the game

Skill      XL: |  1  2  3  4 |
---------------+-------------+-----
Fighting       | 4 |  4.6
Axes           | 3 4 |  4.4
Armour         | 4 |  4.4
Shields        | 4 |  4.5
Dodging        | |  0.6
Stealth        | |  0.1

Action                   |  1- 3 |  4- 6 || total
-------------------------+-------+-------++-------
Melee: War axe           |    57 |    76 ||   133
       Headbutt          |     7 |    10 ||    17
  Use: Potion            |       |     7 ||     7
       Scroll            |       |     6 ||     6
  Eat: Ration            |       |     4 ||     4
Armor: Scale mail        |    18 |    47 ||    65
Dodge: Dodged            |    12 |    33 ||    45
Block: Shield            |    41 |    92 ||   133
       Reflection        |       |     4 ||     4
